 Dungeon Sprint DCSS version 0.23.1 (webtiles) character file.

Game seed: 15903050446793001897

443 wilfster70 the Cleaver (level 6, -6/61 HPs)
             Began as a Minotaur Fighter on Mar 13, 2019.
             Was a Believer of Okawaru.
             Killed from afar by a deep elf mage (21 damage)
             ... with a bolt of negative energy
             ... in the Dungeon (Sprint VII: "The Pits").
             The game lasted 00:03:15 (537 turns).

wilfster70 the Cleaver (Minotaur Fighter)            Turns: 537, Time: 00:03:17

Health: -6/61      AC: 13    Str: 22    XL:     6   Next: 71%
Magic:  6/6        EV:  8    Int:  5    God:    Okawaru [**....]
Gold:   0          SH: 11    Dex: 10    Spells: 5/5 levels left

rFire    . . .     SeeInvis .   a - +0 war axe
rCold    . . .     Gourm    .   c - +0 shield
rNeg     . . .     Faith    .   q - +3 chain mail
rPois    .         Spirit   .   (helmet restricted)
rElec    .         Reflect  .   (no cloak)
rCorr    .         Harm     .   (no gloves)
MR       .....     NoTele   +   (no boots)
Stlth    ..........             (no amulet)
HPRegen  0.20/turn              (no ring)
MPRegen  0.10/turn              (no ring)

@: lethally poisoned (-6 -> -33), lightly drained
A: retaliatory headbutt, horns 2
a: Heroism, Renounce Religion


You were in the Dungeon.
You worshipped Okawaru.
Okawaru was pleased with you.
You were not hungry.

You visited 1 branch

Inventory:

Hand Weapons
 a - a +0 war axe (weapon)
 b - a +1 flail of crushing
Armour
 c - a +0 shield (worn)
 q - a +3 chain mail (worn)
Scrolls
 k - a scroll of blinking
 m - 3 scrolls of remove curse
 n - 5 scrolls of amnesia
 o - a scroll of summoning
Potions
 d - a potion of might
 e - 6 potions of curing
 g - 4 potions of heal wounds
 h - a potion of haste
 i - 4 potions of magic
 j - 3 potions of berserk rage
 l - 2 potions of invisibility
Comestibles
 f - 9 rations
 p - 9 chunks of flesh


   Skills:
 + Level 7.9(7.3) Fighting
 * Level 10.2(9.5) Axes
 + Level 7.7(7.1) Armour
 + Level 6.2(5.6) Dodging
 + Level 7.8(7.2) Shields
 + Level 2.3(1.8) Invocations


You had 5 spell levels left.
You didn't know any spells.
Your spell library was empty.

Dungeon Overview and Level Annotations

Branches:
Dungeon (1/1)

Altars:
Ashenzari
Cheibriados
Dithmenos
Elyvilon
Fedhas
Gozag
Hepliaklqana
Kikubaaqudgha
Makhleb
Nemelex Xobeh
Okawaru
Qazlal
Ru
Sif Muna
Trog
Uskayaw
Vehumet
Wu Jian
Xom
Yredelemnul
Zin
The Shining One
Beogh
Jiyva
Lugonu


Innate Abilities, Weirdness & Mutations

You reflexively headbutt those who attack you in melee.
You have a pair of horns on your head.


Message History

You feel very sick. The demonic crawler hits you. x2
* * * LOW HITPOINT WARNING * * *
The demonic crawler hits you but does no damage.
The orange demon stings you but does no damage.
You block the orange demon's attack.
The hell rat bites you but does no damage.
You hit the orange demon.
The orange demon is moderately wounded.
You hit the hell rat but do no damage. You hit the demonic crawler.
* * * LOW HITPOINT WARNING * * *
You feel very sick. You block the demonic crawler's attack.
The demonic crawler hits you but does no damage.
The demonic crawler misses you.
The deep elf mage gestures at you while chanting.
The bolt of negative energy misses the chaos spawn.
The bolt of negative energy misses the demonic crawler.
The bolt of negative energy hits you!!
You feel drained.
You die...

#.#.....#..##.......#
#)#.....#'###...<...#
#.#........##.......#
#.#........##.......#
#'###########.......#
#.......#e.##########
#..###..#4######
#.......#s#....#
##.###.##@#....#
#.......#r4....+
#..###..#'#....#
#.......)(#....#
################


You could see a demonic crawler, an orange demon, a deep elf mage, a chaos spawn
and a hell rat.

Vanquished Creatures
  A necrophage (D)
  A phantom (D)
  A centaur (D)
  A hound (D)
  An orc priest (D)
  2 orc wizards (D)
  Jessica (D)
  3 adders (D)
  2 oozes (D)
  A worm (D)
  2 orcs (D)
  A giant cockroach (D)
  A goblin (D)
  2 hobgoblins (D)
  2 quokkas (D)
  A frilled lizard (D)
  A rat (D)
24 creatures vanquished.

Notes
Turn   | Place    | Note
-------+----------+-------------------------------------------
     0 | D        | wilfster70 the Minotaur Fighter began the quest for the
                  | Orb.
     0 | D        | Reached XP level 1. HP: 19/19 MP: 0/0
    21 | D        | Found a bloodstained altar of Trog.
    21 | D        | Found a deep blue altar of Sif Muna.
    21 | D        | Found a viscous altar of Jiyva.
    21 | D        | Found a hazy altar of Hepliaklqana.
    21 | D        | Found an opulent altar of Gozag.
    22 | D        | Found a glowing golden altar of the Shining One.
    22 | D        | Found a glowing silver altar of Zin.
    22 | D        | Found a basalt altar of Yredelemnul.
    22 | D        | Found a shimmering altar of Xom.
    22 | D        | Found an ornate altar of the Wu Jian Council.
    22 | D        | Found a sacrificial altar of Ru.
    22 | D        | Found a stormy altar of Qazlal.
    22 | D        | Found an iron altar of Okawaru.
    22 | D        | Found a sparkling altar of Nemelex Xobeh.
    22 | D        | Found a burning altar of Makhleb.
    22 | D        | Found a blossoming altar of Fedhas.
    22 | D        | Found a white marble altar of Elyvilon.
    22 | D        | Found a shadowy altar of Dithmenos.
    22 | D        | Found a snail-covered altar of Cheibriados.
    23 | D        | Found a radiant altar of Vehumet.
    23 | D        | Found a corrupted altar of Lugonu.
    23 | D        | Found a roughly hewn altar of Beogh.
    24 | D        | Found a hide-covered altar of Uskayaw.
    24 | D        | Found an ancient bone altar of Kikubaaqudgha.
    24 | D        | Found a shattered altar of Ashenzari.
    28 | D        | Became a worshipper of Warmaster Okawaru
    64 | D        | Reached skill level 3 in Axes
    64 | D        | Reached skill level 1 in Dodging
    64 | D        | Reached XP level 2. HP: 25/27 MP: 1/1
    83 | D        | Reached skill level 4 in Axes
   105 | D        | Reached XP level 3. HP: 23/34 MP: 2/2
   106 | D        | Reached skill level 5 in Axes
   281 | D        | Noticed a phantom
   297 | D        | Noticed a necrophage
   302 | D        | Killed a phantom
   302 | D        | Reached * piety under Okawaru
   302 | D        | Reached skill level 5 in Fighting
   302 | D        | Reached skill level 7 in Axes
   302 | D        | Reached skill level 5 in Armour
   302 | D        | Reached skill level 5 in Shields
   302 | D        | Reached XP level 4. HP: 31/44 MP: 3/3
   305 | D        | Reached XP level 5. HP: 37/50 MP: 4/4
   309 | D        | Reached skill level 8 in Axes
   325 | D        | Killed a necrophage
   325 | D        | Reached skill level 9 in Axes
   325 | D        | Reached skill level 5 in Dodging
   325 | D        | Reached XP level 6. HP: 35/60 MP: 5/5
   479 | D        | Reached ** piety under Okawaru
   489 | D        | Reached skill level 1 in Invocations
   491 | D        | Noticed Jessica
   492 | D        | Reached skill level 10 in Axes
   500 | D        | Killed Jessica
   521 | D        | Noticed an orange demon
   522 | D        | Noticed a deep elf mage
   532 | D        | Noticed a demonic crawler
   535 | D        | Noticed a chaos spawn
   537 | D        | Killed from afar by a deep elf mage

Skill      XL: |  1  2  3  4  5  6 |
---------------+-------------------+-----
Fighting       | 4 5 6 7 |  7.9
Axes           | 3 4 7 9 10 | 10.2
Armour         | 4 5 6 7 |  7.7
Dodging        | 1 2 3 4 5 6 |  6.2
Shields        | 4 5 6 7 |  7.8
Invocations    | 2 |  2.3

Action                   |  1- 3 |  4- 6 || total
-------------------------+-------+-------++-------
Melee: War axe           |    46 |    48 ||    94
       Headbutt          |     4 |     7 ||    11
  Use: Potion            |     2 |       ||     2
Armor: Scale mail        |    15 |       ||    15
       Chain mail        |    22 |    25 ||    47
Dodge: Dodged            |    21 |    17 ||    38
Block: Shield            |    31 |    31 ||    62
